 Dungeon Crawl Stone Soup version 0.14-a0-314-g3e3f616 (webtiles) character file.

402 HexAgony the Insei (level 6, -1/37 HPs)
             Began as a Gargoyle Monk on Oct 20, 2013.
             Was a Believer of Vehumet.
             Slain by a gnoll
             ... wielding a +1,+2 flail
              (8 damage)
             ... on Level 4 of the Dungeon.
             The game lasted 00:15:12 (3914 turns).

HexAgony the Ruffian (Gargoyle Monk)                Turns: 3914, Time: 00:15:12

HP  -1/37        AC  7     Str 15      XL: 6   Next: 21%
MP   5/5         EV 14     Int 12      God: Vehumet [**....]
Gold 134         SH  0     Dex 16      Spells:  1 memorised,  4 levels left

Res.Fire  : . . .   See Invis. : .     - Unarmed
Res.Cold  : . . .   Warding    : .   a - +0 robe
Life Prot.: + . .   Conserve   : .   (no shield)
Res.Poison: +       Res.Corr.  : .   (no helmet)
Res.Elec. : +       Clarity    : .   l - +0 cloak
Sust.Abil.: . .     Spirit.Shd : .   (no gloves)
Res.Mut.  : .       Stasis     : .   (no boots)
Res.Rott. : +       Flight     : .   (no amulet)
Saprovore : . . .                    (no ring)
                                     g - +4 ring of dexterity

@: slightly resistant to hostile enchantments, fairly stealthy
A: fangs 1, talons 2, life protection 1, electricity resistance, slow metabolism
1, unbreathing, petrification resistance, AC +4
a: Renounce Religion


You were on level 4 of the Dungeon.
You worshipped Vehumet.
Vehumet was pleased with you.
You were not hungry.

You visited 1 branch of the dungeon, and saw 4 of its levels.

You collected 134 gold pieces.

Inventory:

Hand weapons
 f - a cursed -3,-2 war axe
 k - a +4,+3 quarterstaff of chaos
 m - a +2,+0 hammer of protection
Armour
 a - a +0 robe (worn)
 l - a +0 cloak (worn)
Magical devices
 c - a wand of digging (15)
 o - a wand of draining (8)
Scrolls
 e - 2 scrolls of teleportation
 j - a scroll of recharging
Jewellery
 g - a +4 ring of dexterity (left hand)
Potions
 h - a potion of heal wounds {unknown}
 n - a potion of berserk rage {unknown}


   Skills:
 + Level 4.7 Fighting
 + Level 3.5 Dodging
 + Level 2.7 Stealth
 + Level 5.9 Unarmed Combat
 + Level 0.1 Spellcasting
 + Level 0.2 Earth Magic
 + Level 0.8 Evocations


You had 4 spell levels left.
You knew the following spells:

 Your Spells              Type           Power        Failure   Level  Hunger
a - Sandblast             Erth           #.....       34%         1    ##.....


Dungeon Overview and Level Annotations

Branches:
Dungeon (4/27)
 Temple: D:4-7

Altars:
Makhleb
Vehumet


Innate Abilities, Weirdness & Mutations

You are resistant to torment.
You are immune to poison.
Your stone body is very resilient (AC +4).
You have very sharp teeth.
You have razor-sharp toenails.
You resist negative energy.
You are resistant to electric shocks.
You have a slow metabolism.
You can survive without breathing.
You are immune to petrification.


Message History

The gnoll is heavily wounded.
The gnoll hits you but does no damage. The gnoll completely misses you.
You punch the gnoll!
You kill the gnoll!
Vehumet accepts your kill.
You hit the gnoll.
The gnoll is moderately wounded.
The gnoll hits you but does no damage.
You hit the gnoll. You claw the gnoll.
The gnoll is severely wounded.
The gnoll closely misses you.
You hit the gnoll but do no damage. You claw the gnoll, but do no damage.
The gnoll is severely wounded.
The gnoll misses you.
You hit the gnoll.
The gnoll is severely wounded.
You closely miss the gnoll.
The gnoll is severely wounded.
The gnoll hits you with a flail!
You die...

#.#### #.%.# ###.# ## ##
#.# ###⌠#g### ####.##
##≈≈≈≈≈≈≈#######......
#⌠≈.....§⌠#.........##
##≈.._.§§##.####.#....
.. #⌠≈..@g§§⌠#..
...##.##
...###≈≈≈.≈§§##.#### #.#
....≈####'####≈§# #.#
#..≈§≈§≈.≈≈≈≈≈.# #.#
..#...§..#####.#######.#
###.#.## #...........#
#.#.# #.#.#########
..#.# #.#.# ##.#.# #.#.#


You could see 2 gnolls.

Vanquished Creatures
  An iguana (D:4)
  Crazy Yiuf (D:2)
  A worker ant (D:4)
  A scorpion (D:4)
  2 orc wizards (D:3)
  Ijyb (D:2)
  A gnoll (D:4)
  3 adders
  A worm (D:2)
  A giant gecko (D:2)
  6 orcs
  5 bats
  2 giant cockroaches
  5 hobgoblins
  8 kobolds
  A quokka (D:2)
  3 giant newts
  6 goblins
  8 rats
  A rat skeleton (D:4)
58 creatures vanquished.

Notes
Turn   | Place    | Note
--------------------------------------------------------------
     0 | D:1      | HexAgony, the Gargoyle Monk, began the quest for the Orb.
     0 | D:1      | Reached XP level 1. HP: 12/12 MP: 0/0
   264 | D:1      | Reached XP level 2. HP: 17/17 MP: 1/1
   315 | D:1      | You fall through a shaft!
  1267 | D:2      | Found a radiant altar of Vehumet.
  1282 | D:2      | Became a worshipper of Vehumet
  1282 | D:2      | Acquired Vehumet's first power
  1282 | D:2      | Offered knowledge of Sandblast by Vehumet.
  1288 | D:2      | Learned a level 1 spell: Sandblast
  1292 | D:2      | Offered knowledge of Magic Dart by Vehumet.
  1371 | D:2      | Noticed Ijyb
  1391 | D:2      | Killed Ijyb
  1391 | D:2      | Reached skill level 5 in Unarmed Combat
  1391 | D:2      | Reached XP level 3. HP: 18/22 MP: 2/2
  2060 | D:2      | Reached XP level 4. HP: 25/28 MP: 3/3
  2168 | D:2      | Noticed Crazy Yiuf
  2174 | D:2      | Killed Crazy Yiuf
  2740 | D:3      | Reached XP level 5. HP: 24/32 MP: 4/4
  3805 | D:4      | Reached XP level 6. HP: 25/37 MP: 5/5
  3856 | D:4      | Offered knowledge of Mephitic Cloud by Vehumet.
  3899 | D:4      | Found a burning altar of Makhleb.
  3914 | D:4      | Slain by a gnoll

Action                   |  1- 3 |  4- 6 || total
-------------------------+-------+-------++-------
Melee: Unarmed           |    81 |   112 ||   193
Evoke: Wand              |     1 |     5 ||     6
  Use: Scroll            |     3 |     6 ||     9
       Potion            |       |     1 ||     1
 Stab: Sleeping          |     1 |     1 ||     2
